 Dungeon Crawl Stone Soup version 0.27-a0-333-gfa571bf19a (webtiles) character file.

Game seed: 15115904665245126094

23 ReteAZ the Chopper (level 2, -1/23 HPs)
             Began as a Gnoll Wanderer on Feb 12, 2021.
             Slain by an adder (3 damage)
             ... on level 2 of the Dungeon.
             The game lasted 00:01:09 (980 turns).

ReteAZ the Chopper (Gnoll Wanderer)                  Turns: 980, Time: 00:01:10

Health: -1/23      AC:  5    Str:  8    XL:     2   Next: 95%
Magic:  5/5        EV:  9    Int: 12    God:
Gold:   83         SH:  3    Dex: 13    Spells: 6/6 levels left

rFire    . . .     SeeInvis .   a - +0 hand axe
rCold    . . .     Faith    .   n - +0 buckler
rNeg     . . .     Spirit   .   b - +0 ring mail
rPois    .         Reflect  .   (no helmet)
rElec    .         Harm     +   j - scarf {harm}
rCorr    .         Rampage  .   (no gloves)
Will     .....                  (no boots)
Stlth    +.........             (no amulet)
HPRegen  0.07/turn              (no ring)
MPRegen  0.09/turn              (no ring)

@: no status effects
A: distributed training, fangs 1, strong nose
a: no special abilities


You were on level 2 of the Dungeon.
You visited 1 branch of the dungeon, and saw 2 of its levels.

You collected 83 gold pieces.

Inventory:

Hand Weapons
 a - a +0 hand axe (weapon)
Missiles
 i - 2 javelins
Armour
 b - a +0 ring mail (worn)
 j - a scarf of harm (worn)
 n - a +0 buckler (worn)
Jewellery
 f - a +4 ring of evasion {unknown}
Wands
 c - a wand of charming (14) (quivered)
 o - a wand of paralysis (3)
Scrolls
 d - a scroll of magic mapping {unknown}
 e - a scroll of blinking {unknown}
 g - a scroll of fear {unknown}
 h - a scroll of teleportation {unknown}
 l - 2 scrolls of identify {unknown}
Potions
 k - a potion of heal wounds {unknown}
 m - 2 potions of flight {unknown}


   Skills:
 + Level 2.5 Fighting
 + Level 0.5 Short Blades
 + Level 0.5 Long Blades
 + Level 6.5 Axes
 + Level 0.5 Maces & Flails
 + Level 0.5 Polearms
 + Level 0.5 Staves
 + Level 0.5 Slings
 + Level 0.5 Bows
 + Level 0.5 Crossbows
 + Level 0.5 Throwing
 + Level 2.5 Armour
 + Level 0.5 Dodging
 + Level 2.3 Stealth
 + Level 0.5 Shields
 + Level 0.5 Unarmed Combat
 + Level 2.7 Spellcasting
 + Level 0.4 Conjurations
 + Level 0.4 Hexes
 + Level 2.0 Summonings
 + Level 0.4 Necromancy
 + Level 0.4 Translocations
 + Level 0.4 Transmutations
 + Level 0.4 Fire Magic
 + Level 0.4 Ice Magic
 + Level 2.0 Air Magic
 + Level 0.4 Earth Magic
 + Level 0.4 Poison Magic
 + Level 0.7 Invocations
 + Level 2.5 Evocations


You had 6 spell levels left.
You didn't know any spells.
Your spell library was empty.

Dungeon Overview and Level Annotations

Branches:
Dungeon (2/15)

Altars:


Innate Abilities, Weirdness & Mutations

Your experience applies equally to all skills.
You have very sharp teeth.
Your uncanny sense of smell can sniff out nearby items.


Message History

The phantom hits you.
You closely miss the phantom.
The phantom is lightly damaged.
The adder is no longer charmed.
The adder completely misses you. The phantom hits you.
The phantom blinks!
You blink.
You hit the phantom but do no damage.
The phantom is lightly damaged.
The phantom hits you!
The phantom blinks!
You blink.
A leopard gecko comes into view.
The phantom barely misses you.
You hit the phantom but do no damage.
The phantom is lightly damaged.
The phantom hits you but does no damage.
You closely miss the phantom.
The phantom is lightly damaged.
The phantom hits you but does no damage.
You closely miss the phantom.
The phantom is lightly damaged.
You block the phantom's attack.
You miss the phantom.
The phantom is lightly damaged.
The phantom hits you.
* * * LOW HITPOINT WARNING * * *
The phantom blinks!
You blink.
Aiming: Paralyse
Press: ? - help, Shift-Dir - straight line, f - phantom, p - adder
Aim: a phantom (lightly damaged, chance to affect: 35%)
The phantom easily resists.
The phantom barely misses you.
Aiming: Paralyse
Press: ? - help, Shift-Dir - straight line, f/p - phantom
Aim: a phantom (lightly damaged, chance to affect: 35%)
The phantom easily resists.
The phantom hits you.
* * * LOW HITPOINT WARNING * * *
The phantom blinks!
You blink.
Aiming: Paralyse
Press: ? - help, Shift-Dir - straight line, f/p - phantom
Aim: a phantom (chance to affect: 35%)
The phantom easily resists.
The phantom barely misses you. The adder bites you.
You die...

## .. ######.
. #..... .
##....# .#
##....#.# ##.#
...##.#@##...#
# #......S..#
..#.l...#W.##
#.......##.#
##.....##.#
#######
#.........###
#......
..##........##
#...... ##
#.........##
#......
#..........#
#....##


You could see a phantom, an adder and a leopard gecko.

Vanquished Creatures
  4 giant cockroaches (D:1)
  A goblin (D:1)
  4 hobgoblins (D:1)
  6 bats (D:1)
  A frilled lizard (D:1)
  3 kobolds (D:1)
  A rat (D:1)
20 creatures vanquished.

Notes
Turn   | Place    | Note
-------+----------+-------------------------------------------
     0 | D:1      | ReteAZ the Gnoll Wanderer began the quest for the Orb.
     0 | D:1      | ReteAZ set off with the following items: a +0 hand axe, a
                  | +0 ring mail, a wand of charming (15)
     0 | D:1      | Reached XP level 1. HP: 17/17 MP: 4/4
   249 | D:1      | Reached XP level 2. HP: 23/23 MP: 5/5
   961 | D:2      | Noticed a phantom
   980 | D:2      | Slain by an adder

Illustrated notes

Levels and vault maps discovered:
D:1:      ebering_trefoil_3fold, layout_basic
D:2:      layout_rooms, nicolae_ru_awakened_eye

Skill      XL: |  1 |
---------------+----+-----
Summonings     | 2 |  2.0
Air Magic      | 2 |  2.0
Fighting       | |  2.5
Short Blades   | |  0.5
Long Blades    | |  0.5
Axes           | |  6.5
Maces & Flails | |  0.5
Polearms       | |  0.5
Staves         | |  0.5
Slings         | |  0.5
Bows           | |  0.5
Crossbows      | |  0.5
Throwing       | |  0.5
Armour         | |  2.5
Dodging        | |  0.5
Stealth        | |  2.3
Shields        | |  0.5
Unarmed Combat | |  0.5
Spellcasting   | |  2.7
Conjurations   | |  0.4
Hexes          | |  0.4
Necromancy     | |  0.4
Translocations | |  0.4
Transmutations | |  0.4
Fire Magic     | |  0.4
Ice Magic      | |  0.4
Earth Magic    | |  0.4
Poison Magic   | |  0.4
Invocations    | |  0.7
Evocations     | |  2.5

Action                   || total
-------------------------++-------
Melee: Hand axe          ||    66
       Bite              ||     2
Evoke: Wand              ||     4
Armor: Ring mail         ||    34
Dodge: Dodged            ||    42
Block: Buckler           ||     1

Table legend: (Time is in decaauts)
 A = Elapsed time spent in this place.
 B = Non-inter-level travel time spent in this place.
 C = Inter-level travel time spent in this place.
 D = Time resting spent in this place.
 E = Time spent auto-exploring this place.
 F = Levels seen in this place.
 G = Mean time per level.
                   A        B        C        D        E       F      G
               +--------+--------+--------+--------+--------+-----+--------+
         Total |    979 |    946 |     33 |      0 |    748 |   2 |  489.5 |
       Dungeon |    979 |    946 |     33 |      0 |    748 |   2 |  489.5 |
               +--------+--------+--------+--------+--------+-----+--------+

Top non-repeatable levels by time:
     D:1: 925 daAuts
     D:2: 54 daAuts
